 Dungeon Sprint DCSS version 0.20-a0-556-g892c87b (webtiles) character file.

2370 Kidiri the Thaumaturge (level 9, 0/56 HPs)
             Began as a Deep Elf Fire Elementalist on Feb 4, 2017.
             Was a Follower of Vehumet.
             Slain by a demonic crawler (6 damage)
             ... in the Dungeon (Sprint I: "Red Sonja").
             The game lasted 00:05:24 (1201 turns).

Kidiri the Thaumaturge (Deep Elf Fire Elementalist) Turns: 1201, Time: 00:05:25

Health: 0/56       AC:  9    Str:  8    XL:     9   Next: 21%
Magic:  18/29      EV: 18    Int: 24    God:    Vehumet [*.....]
Gold:   364        SH:  0    Dex: 15    Spells: 18/36 levels left

rFire    . . .     SeeInvis .   e - +0 club
rCold    + . .     Gourm    .   o - +2 leather armour {rC+}
rNeg     . . .     Faith    .   (no shield)
rPois    .         Spirit   .   (no helmet)
rElec    .         Reflect  .   q - +0 cloak
rCorr    .         Harm     .   n - +1 pair of gloves {Str+3}
MR       .....     NoTele   +   (no boots)
Stlth    ++........             (no amulet)
Regen    0.2/turn               (no ring)
                                (no ring)

@: very slightly contaminated
A: no striking features
a: Renounce Religion


You were in the Dungeon.
You worshipped Vehumet.
Vehumet was aware of your devotion.
You were not hungry.

You visited 1 branch You collected 853 gold pieces.
You spent 489 gold pieces at shops.

Inventory:

Hand Weapons
 e - a +0 club (weapon)
Armour
 n - a +1 pair of gloves of strength (worn)
 o - a +2 leather armour of cold resistance (worn)
 q - a +0 cloak (worn)
Wands
 m - a wand of paralysis (17/24)
Scrolls
 a - a scroll of enchant weapon {unknown}
Potions
 d - 2 potions of curing
 f - a potion of haste
 h - a potion of berserk rage
 j - a potion of lignification {unknown}
 r - a potion of magic
Books
 b - a book of Flames

   Spells                             Type                      Level
   a - Flame Tongue                   Conjuration/Fire             1
   b - Throw Flame                    Conjuration/Fire             2
   c - Conjure Flame                  Conjuration/Fire             3
   d - Inner Flame                    Hexes/Fire                   3
   e - Sticky Flame                   Conjuration/Fire             4
   f - Fireball                       Conjuration/Fire             5
Comestibles
 c - a bread ration
 k - a meat ration


   Skills:
 + Level 6.6 Fighting
 + Level 6.6 Armour
 + Level 9.9 Dodging
 - Level 2.4 Stealth
 * Level 14.4 Spellcasting
 + Level 9.0 Conjurations
 + Level 9.4 Fire Magic


You had 18 spell levels left.
You knew the following spells:

 Your Spells              Type           Power        Failure   Level  Hunger
a - Flame Tongue          Conj/Fire      #####        1%          1    None
b - Throw Flame           Conj/Fire      ######       1%          2    None
c - Conjure Flame         Conj/Fire      ######..     1%          3    None
d - Inner Flame           Hex/Fire       #####...     1%          3    None
e - Sticky Flame          Conj/Fire      ######..     1%          4    None
f - Fireball              Conj/Fire      ######....   3%          5    ##.....


Dungeon Overview and Level Annotations

Branches:
Dungeon (1/1)

Altars:
Cheibriados
Dithmenos
Elyvilon
Fedhas
Gozag
Hepliaklqana
Kikubaaqudgha
Makhleb
Nemelex Xobeh
Okawaru
Qazlal
Ru
Sif Muna
Trog
Uskayaw
Vehumet
Xom
Yredelemnul
Zin
The Shining One
Jiyva
Lugonu

Shops:
D [%[


Message History

The demonic crawler burns!
The demonic crawler stops burning.
The demonic crawler is engulfed in roaring flames.
Casting: Sticky Flame
Confirm with . or Enter, or press ? or * to list all spells.
Aiming: Conjure Flame
Press: ? - help, Dir - move target cursor The fire roars!
The demonic crawler is engulfed in roaring flames.
The demonic crawler is engulfed in roaring flames.
There is an open door here.
The demonic crawler is engulfed in roaring flames.
The demonic crawler is engulfed in roaring flames.
The demonic crawler misses you.
The demonic crawler completely misses you.
The demonic crawler closely misses you.
There is an open door here.
The demonic crawler hits you.
* * * LOW HITPOINT WARNING * * *
The demonic crawler hits you.
You die...

##########################
#<.#..'..#..'@.#__#..')).#
#..)..#..').#.sss.'..#...#
#..#####+#####+#__####.s.s..#
#..####..#...#)#### #####..+
#..#__####..##.# +##
#..#_____##+#..+
#⌠⌠#_.∩...+..[_#
####_..__##_.#+##+###
#_____###+#.#...(###


You could see 3 demonic crawlers.

Vanquished Creatures
  Sonja (D)
  A deep troll (D)
  2 kobold demonologists (D)
  A slime creature (D)
  Sigmund (D)
  A yak (D)
  A floating eye (D)
  An ogre (D)
  A jelly (D)
  Ijyb (D)
  3 ballistomycetes (D)
14 creatures vanquished.

Vanquished Creatures (others)
  A hornet (D)
  2 ballistomycete spores (D)
3 creatures vanquished.

Grand Total: 17 creatures vanquished

Notes
Turn   | Place    | Note
-------+----------+-------------------------------------------
     0 | D        | Kidiri the Deep Elf Fire Elementalist began the quest for the Orb.
     0 | D        | Reached XP level 1. HP: 10/10 MP: 6/6
     4 | D        | Noticed Ijyb
    27 | D        | Killed Ijyb
    27 | D        | Reached skill level 1 in Fighting
    27 | D        | Reached skill level 1 in Armour
    27 | D        | Reached skill level 5 in Spellcasting
    27 | D        | Reached XP level 2. HP: 14/16 MP: 0/10
    31 | D        | Learned a level 2 spell: Throw Flame
   113 | D        | Noticed an ogre
   134 | D        | Killed an ogre
   134 | D        | Reached skill level 7 in Spellcasting
   134 | D        | Reached skill level 5 in Fire Magic
   134 | D        | Reached XP level 3. HP: 22/22 MP: 5/13
   134 | D        | Reached XP level 4. HP: 27/27 MP: 5/15
   139 | D        | Learned a level 3 spell: Conjure Flame
   143 | D        | Learned a level 3 spell: Inner Flame
   148 | D        | Learned a level 4 spell: Sticky Flame
   216 | D        | Noticed Sigmund
   228 | D        | Killed Sigmund
   228 | D        | Reached skill level 9 in Spellcasting
   228 | D        | Reached skill level 5 in Conjurations
   228 | D        | Reached XP level 5. HP: 33/33 MP: 6/18
   228 | D        | Reached XP level 6. HP: 38/38 MP: 6/20
   235 | D        | Learned a level 5 spell: Fireball
   310 | D        | Found a burning altar of Makhleb.
   310 | D        | Found a shimmering altar of Xom.
   310 | D        | Noticed a slime creature
   311 | D        | Found a viscous altar of Jiyva.
   311 | D        | Found a corrupted altar of Lugonu.
   324 | D        | Killed a slime creature
   324 | D        | Reached skill level 10 in Spellcasting
   414 | D        | Found a deep blue altar of Sif Muna.
   416 | D        | Found a radiant altar of Vehumet.
   455 | D        | Found Emeem's Food Emporium.
   455 | D        | Found an ancient bone altar of Kikubaaqudgha.
   455 | D        | Found a hazy altar of Hepliaklqana.
   455 | D        | Found a stormy altar of Qazlal.
   455 | D        | Found a hide-covered altar of Uskayaw.
   455 | D        | Found a blossoming altar of Fedhas.
   455 | D        | Found a bloodstained altar of Trog.
   455 | D        | Found an iron altar of Okawaru.
   455 | D        | Found a basalt altar of Yredelemnul.
   455 | D        | Found a glowing golden altar of the Shining One.
   455 | D        | Found a snail-covered altar of Cheibriados.
   455 | D        | Found a sacrificial altar of Ru.
   455 | D        | Found a glowing silver altar of Zin.
   455 | D        | Found a shadowy altar of Dithmenos.
   455 | D        | Found a white marble altar of Elyvilon.
   455 | D        | Noticed a yak
   463 | D        | Killed a yak
   463 | D        | Reached skill level 11 in Spellcasting
   463 | D        | Reached XP level 7. HP: 22/44 MP: 13/23
   472 | D        | Found an opulent altar of Gozag.
   473 | D        | Found a sparkling altar of Nemelex Xobeh.
   626 | D        | Became a worshipper of Vehumet
   631 | D        | Noticed Sonja
   634 | D        | Killed Sonja
   634 | D        | Reached skill level 5 in Fighting
   634 | D        | Reached skill level 5 in Armour
   634 | D        | Reached skill level 12 in Spellcasting
   634 | D        | Reached XP level 8. HP: 50/50 MP: 17/26
   655 | D        | Found Usseu's Armour Boutique.
   663 | D        | Bought a +1 pair of gloves of strength for 165 gold pieces
   681 | D        | Noticed a deep troll
   690 | D        | Killed a deep troll
   690 | D        | Reached skill level 13 in Spellcasting
   709 | D        | Found Kaphiwah's Armour Emporium.
   714 | D        | Bought a +2 leather armour of cold resistance for 247 gold pieces
   714 | D        | Bought a cursed +0 pair of gloves for 19 gold pieces
   714 | D        | Bought a +0 cloak for 58 gold pieces
   791 | D        | Killed a hornet
  1075 | D        | Noticed a kobold demonologist
  1076 | D        | Reached * piety under Vehumet
  1076 | D        | Offered knowledge of Magic Dart by Vehumet.
  1077 | D        | Noticed a kobold demonologist
  1078 | D        | Noticed an ice devil
  1081 | D        | Killed a kobold demonologist
  1081 | D        | Reached skill level 14 in Spellcasting
  1081 | D        | Reached XP level 9. HP: 56/56 MP: 10/29
  1081 | D        | Killed a kobold demonologist
  1186 | D        | Noticed a demonic crawler
  1186 | D        | Noticed a demonic crawler
  1186 | D        | Noticed a demonic crawler
  1186 | D        | Noticed a demonic crawler
  1201 | D        | Slain by a demonic crawler

Vault maps used:
D:        dungeon_sprint_1

Skill      XL: |  1  2  3  4  5  6  7  8  9 |
---------------+----------------------------+-----
Fighting       | 1 2 3 4 5 6 |  6.6
Armour         | 1 2 3 4 5 6 |  6.6
Dodging        | 3 4 6 7 8 9 |  9.9
Spellcasting   | 5 7 9 11 12 14 | 14.4
Conjurations   | 2 3 5 6 7 8 9 |  9.0
Fire Magic     | 4 5 6 7 8 9 |  9.4
Stealth        | |  2.4

Action                   |  1- 3 |  4- 6 |  7- 9 || total
-------------------------+-------+-------+-------++-------
Melee: Club              |       |     3 |     3 ||     6
 Cast: Flame Tongue      |    21 |     5 |     7 ||    33
       Throw Flame       |     1 |       |       ||     1
       Conjure Flame     |       |     1 |     5 ||     6
       Sticky Flame      |       |     5 |     5 ||    10
       Fireball          |       |       |     5 ||     5
  Use: Potion            |     3 |       |     1 ||     4
       Scroll            |       |       |     1 ||     1
 Stab: Sleeping          |       |     2 |       ||     2
  Eat: Royal jelly       |       |       |     1 ||     1
Armor: Robe              |     3 |       |       ||     3
       Leather armour    |       |       |     4 ||     4
Dodge: Dodged            |    15 |     6 |    30 ||    51
